Knights vs Sewer Rats
Created - 17 décembre 2013 at 19:19
Goals
|
| Knights |
1 |
3 |
3 |
7 |
| Sewer Rats |
1 |
3 |
4 |
8 |
|
Shots
|
| Knights |
6 |
13 |
11 |
30 |
| Sewer Rats |
5 |
16 |
16 |
37 |
|
1st period
1. Knights , Peter Mueller 10 (Mats Zuccarello, Jonas Gustavsson) at 2:35
2. Sewer Rats , Kyle Turris 3 (Max Pacioretty, Dustin Byfuglien) at 16:48
Penalties :
Patrick Bordeleau (Tol) for Elbowing (Minor) at 7:05, Max Pacioretty (Tol) for Hooking (Minor) at 14:18, Dustin Byfuglien (Tol) for Holding (Minor) at 17:28
2nd period
3. Sewer Rats , Ville Leino 16 (Andy Delmore) at 1:35
4. Knights , Kyle Greentree 16 (Garnet Exelby, Chris Thorburn) at 2:12
5. Knights , Mats Zuccarello 16 (Niklas Hjalmarsson, Peter Mueller) at 10:31
6. Knights , Nick Palmieri 6 (Peter Mueller, Mats Zuccarello) at 13:00
7. Sewer Rats , Ville Leino 17 (Lars Eller) at 16:18
8. Sewer Rats , Max Pacioretty 18 (John-Michael Liles) at 17:34 (PP)
Penalties :
Justin Jokinen (Lon) for Holding (Minor) at 5:00, Lars Eller (Tol) for Slashing (Minor) at 13:26, Peter Mueller (Lon) for Holding (Minor) at 13:26, Garnet Exelby (Lon) for Holding (Minor) at 17:19
3rd period
9. Sewer Rats , Max Pacioretty 19 (Dustin Byfuglien, Kyle Turris) at 3:33
10. Knights , Peter Mueller 11 (Mats Zuccarello) at 12:14 (PP)
11. Knights , Nathan Gerbe 19 (Tomas Kundratek) at 13:46
12. Knights , Chris Thorburn 11 (Nathan Gerbe) at 15:22 (PP)
13. Sewer Rats , Lars Eller 6 (Ville Leino, Matt Lashoff) at 16:30
14. Sewer Rats , Kyle Okposo 8 (Ville Leino, Lars Eller) at 17:42
15. Sewer Rats , Max Pacioretty 20 (Kyle Turris, Dustin Byfuglien) at 18:31
Penalties :
Dustin Byfuglien (Tol) for Roughing (Minor) at 5:58, Steven Kampfer (Tol) for Tripping (Minor) at 12:10, Patrick Bordeleau (Tol) for Holding (Minor) at 15:12, Garnet Exelby (Lon) for Hooking (Minor) at 19:12
Goalie Stats
Jonas Gustavsson (Lon), 29 saves from 37 shots - (0,784), L, 9-8-2, 59:49 minutes
Semyon Varlamov (Tol), 15 saves from 19 shots - (0,789), 33:00 minutes
Jhonas Enroth (Tol), 8 saves from 11 shots - (0,727), W, 7-4-0, 27:00 minutes
Players Stats for Knights
Player Name G A P +/- PIM S H SB GA TA FO MP PP MP PK MP
------------------------------------------------------------------------------------
A.J. Jenks 0 0 0 -2 0 2 0 0 0 0 0/0 5:51 0:00 0:00
Chris Thorburn 1 1 2 0 0 3 3 0 0 0 3/6 24:42 4:34 1:44
Colton Gillies 0 0 0 -1 0 0 2 0 0 0 0/3 10:16 0:00 0:00
Garnet Exelby 0 1 1 -1 4 4 1 1 0 1 0/0 29:35 5:05 1:06
Gustav Nyquist 0 0 0 -1 0 1 1 0 0 1 0/0 11:17 0:19 0:00
Joe Colborne 0 0 0 -2 0 0 0 0 0 0 1/4 6:29 0:00 0:35
Justin Jokinen 0 0 0 -2 2 0 0 0 0 1 0/1 6:07 0:06 0:00
Kyle Greentree 1 0 1 0 0 4 3 0 0 1 3/4 23:43 4:34 1:05
Marco Scandella 0 0 0 1 0 0 1 0 0 0 0/0 10:25 0:00 0:49
Mats Zuccarello 1 3 4 1 0 3 1 0 0 1 0/0 17:00 3:20 0:29
Nathan Gerbe 1 1 2 0 0 3 3 0 2 0 22/38 25:10 4:34 1:48
Nick Palmieri 1 0 1 1 0 2 3 0 0 1 0/0 15:58 3:18 0:00
Nikita Nikitin 0 0 0 -2 0 1 1 3 0 2 0/0 19:58 3:05 1:06
Niklas Hjalmarsson 0 1 1 -2 0 1 0 3 0 0 0/0 19:58 3:05 1:06
Peter Mueller 2 2 4 1 2 2 1 1 3 0 5/14 16:42 3:23 0:21
Tomas Kundratek 0 1 1 1 0 0 0 0 0 0 0/0 9:36 0:00 0:00
Zack Hamill 0 0 0 -1 0 0 1 0 1 0 4/8 11:43 0:22 0:00
Zbynek Michalek 0 0 0 -1 0 4 1 3 0 0 0/0 30:26 5:05 1:55
Players Stats for Sewer Rats
Player Name G A P +/- PIM S H SB GA TA FO MP PP MP PK MP
------------------------------------------------------------------------------------
Andy Delmore 0 1 1 -1 0 0 1 3 1 0 0/0 20:33 1:24 3:57
Brandon Sutter 0 0 0 -1 0 0 0 0 0 0 7/11 12:00 0:00 2:24
Derek Dorsett 0 0 0 -1 0 0 2 0 2 0 0/0 10:22 0:01 0:00
Dustin Byfuglien 0 3 3 1 4 2 3 0 1 0 1/2 18:17 1:10 0:00
John Erskine 0 0 0 -1 0 2 1 0 0 0 0/0 20:33 1:24 3:57
John-Michael Liles 0 1 1 0 0 3 1 2 2 1 0/0 26:22 1:37 3:56
Jonathan Paiement 0 0 0 2 0 0 0 2 0 1 0/0 9:03 0:00 0:17
Kyle Okposo 1 0 1 3 0 2 0 1 0 0 0/1 14:13 1:40 0:00
Kyle Turris 1 2 3 1 0 2 4 1 0 0 13/36 20:35 1:24 1:16
Lars Eller 1 2 3 3 2 3 1 0 0 0 8/14 14:16 1:20 0:00
Matt Lashoff 0 1 1 0 0 3 2 2 0 0 0/0 24:45 0:00 3:56
Max Pacioretty 3 1 4 1 2 9 1 0 0 0 1/2 20:27 1:40 0:56
Mike Funk 0 0 0 1 0 0 0 0 0 0 0/0 4:42 0:00 0:17
Niko Dimitrakos 0 0 0 -1 0 2 1 1 0 0 0/0 12:55 0:01 4:30
Patrick Bordeleau 0 0 0 -1 4 0 2 0 0 0 0/0 6:20 0:00 0:00
Stéphane Yelle 0 0 0 -1 0 1 1 1 1 0 10/12 12:33 0:00 4:30
Steven Kampfer 0 0 0 1 2 0 0 0 0 0 0/0 4:01 0:00 0:00
Ville Leino 2 2 4 3 0 7 2 0 1 0 0/0 14:56 1:20 0:20
Vojtech Polak 0 0 0 -1 0 1 1 0 0 4 0/0 12:51 0:27 2:24
Zach Bogosian 0 0 0 2 0 0 0 3 0 0 0/0 10:00 1:37 0:00
3 Stars
1 - Ville Leino (Tol)
2 - Max Pacioretty (Tol)
3 - Peter Mueller (Lon)
Power Play
Knights - 2 on 6 Attempt(s) - 33,33%
Sewer Rats - 1 on 3 Attempt(s) - 33,33%
Penalty Kill
Knights - 2 on 3 Attempt(s) - 66,67%
- Score 0 goal in Penalty Kill
Sewer Rats - 4 on 6 Attempt(s) - 66,67%
- Score 0 goal in Penalty Kill
Official
Referees : Marouelli Dan and Kozari Steve
Linesman : Derek Amell and Greg Devorski
Game Notes
Jhonas Enroth enters game at 13:00 of 2nd period
Max Pacioretty has scored a Hat Trick!
Finance
Level 1 -- Attendance: 1379 (68,95%) -- Ticket Income 44 128 $
Level 2 -- Attendance: 696 (69,60%) -- Ticket Income 9 744 $
Total Attendance: 2075 (69,17%)
Total Ticket Income: 53 872 $
Other Income: 2 694 $
Total Income: 56 566 $
Knights
5 vs 5 Forward
Center Left Wing Right Wing Time % Phy DF OF
1 Nathan Gerbe Kyle Greentree Chris Thorburn 40 1 2 2
2 Peter Mueller Mats Zuccarello Nick Palmieri 30 1 2 2
3 Zack Hamill Colton Gillies Gustav Nyquist 20 1 2 2
4 Joe Colborne A.J. Jenks Justin Jokinen 10 1 2 2
5 vs 5 Defense
Defense Defense Time % Phy DF OF
1 Zbynek Michalek Garnet Exelby 40 1 2 2
2 Niklas Hjalmarsson Nikita Nikitin 30 1 2 2
3 Tomas Kundratek Marco Scandella 20 1 2 2
4 Zbynek Michalek Garnet Exelby 10 1 2 2
PowerPlay Forward
Center Left Wing Right Wing Time % Phy DF OF
1 Nathan Gerbe Kyle Greentree Chris Thorburn 60 1 2 2
2 Peter Mueller Mats Zuccarello Nick Palmieri 40 1 2 2
PowerPlay Defense
Defense Defense Time % Phy DF OF
1 Zbynek Michalek Garnet Exelby 60 1 2 2
2 Niklas Hjalmarsson Nikita Nikitin 40 1 2 2
Penalty Kill 4 Players Forward
Center Wing Time % Phy DF OF
1 Chris Thorburn Nathan Gerbe 60 1 2 2
2 Kyle Greentree Mats Zuccarello 40 1 2 2
Penalty Kill 4 Players Defense
Defense Defense Time % Phy DF OF
1 Zbynek Michalek Garnet Exelby 60 1 2 2
2 Niklas Hjalmarsson Nikita Nikitin 40 1 2 2
Penalty Kill - 3 Players Forward
Forward Time % Phy DF OF
1 Chris Thorburn 60 1 2 2
2 Nathan Gerbe 40 1 2 2
Penalty Kill - 3 Players Defense
Defense Defense Time % Phy DF OF
1 Zbynek Michalek Garnet Exelby 60 1 2 2
2 Niklas Hjalmarsson Nikita Nikitin 40 1 2 2
4 vs 4 Forward
Center Wing Time % Phy DF OF
1 Chris Thorburn Nathan Gerbe 60 1 2 2
2 Kyle Greentree Mats Zuccarello 40 1 2 2
4 vs 4 Defense
Defense Defense Time % Phy DF OF
1 Zbynek Michalek Garnet Exelby 60 1 2 2
2 Niklas Hjalmarsson Nikita Nikitin 40 1 2 2
Last Minutes Offensive
Center Left Wing Right Wing Defense Defense
Nathan Gerbe Kyle Greentree Chris Thorburn Zbynek Michalek Garnet Exelby
Last Minutes Defensive
Center Left Wing Right Wing Defense Defense
Nathan Gerbe Kyle Greentree Chris Thorburn Zbynek Michalek Garnet Exelby
Goaltenders
Starting : Jonas Gustavsson
Backup : Dany Sabourin
Extra Forwards
Normal : Zack Hamill, Gustav Nyquist, Joe Colborne - PP : Zack Hamill, Gustav Nyquist - PK : Joe Colborne
Extra Defensemen
Normal : Tomas Kundratek, Marco Scandella, Niklas Hjalmarsson - PP : Tomas Kundratek - PK : Marco Scandella, Niklas Hjalmarsson
Penalty Shots
Chris Thorburn, Nathan Gerbe, Kyle Greentree, Mats Zuccarello, Peter Mueller
Sewer Rats
5 vs 5 Forward
Center Left Wing Right Wing Time % Phy DF OF
1 Kyle Turris Max Pacioretty Dustin Byfuglien 40 1 2 2
2 Lars Eller Ville Leino Kyle Okposo 30 1 2 2
3 Brandon Sutter Vojtech Polak Derek Dorsett 20 1 2 2
4 Stéphane Yelle Patrick Bordeleau Niko Dimitrakos 10 1 2 2
5 vs 5 Defense
Defense Defense Time % Phy DF OF
1 John-Michael Liles Matt Lashoff 40 1 2 2
2 John Erskine Andy Delmore 30 1 2 2
3 Zach Bogosian Jonathan Paiement 20 1 2 2
4 Mike Funk Steven Kampfer 10 1 2 2
PowerPlay Forward
Center Left Wing Right Wing Time % Phy DF OF
1 Kyle Turris Max Pacioretty Kyle Okposo 60 1 2 2
2 Lars Eller Ville Leino Dustin Byfuglien 40 1 2 2
PowerPlay Defense
Defense Defense Time % Phy DF OF
1 John-Michael Liles Zach Bogosian 60 1 2 2
2 John Erskine Andy Delmore 40 1 2 2
Penalty Kill 4 Players Forward
Center Wing Time % Phy DF OF
1 Stéphane Yelle Niko Dimitrakos 60 1 2 2
2 Brandon Sutter Vojtech Polak 40 1 2 2
Penalty Kill 4 Players Defense
Defense Defense Time % Phy DF OF
1 John-Michael Liles Matt Lashoff 60 1 2 2
2 John Erskine Andy Delmore 40 1 2 2
Penalty Kill - 3 Players Forward
Forward Time % Phy DF OF
1 Stéphane Yelle 60 1 2 2
2 Niko Dimitrakos 40 1 2 2
Penalty Kill - 3 Players Defense
Defense Defense Time % Phy DF OF
1 John-Michael Liles Matt Lashoff 60 1 2 2
2 John Erskine Andy Delmore 40 1 2 2
4 vs 4 Forward
Center Wing Time % Phy DF OF
1 Stéphane Yelle Niko Dimitrakos 60 1 2 2
2 Ville Leino Max Pacioretty 40 1 2 2
4 vs 4 Defense
Defense Defense Time % Phy DF OF
1 John-Michael Liles Matt Lashoff 60 1 2 2
2 John Erskine Andy Delmore 40 1 2 2
Last Minutes Offensive
Center Left Wing Right Wing Defense Defense
Stéphane Yelle Max Pacioretty Dustin Byfuglien John-Michael Liles Zach Bogosian
Last Minutes Defensive
Center Left Wing Right Wing Defense Defense
Stéphane Yelle Ville Leino Niko Dimitrakos John-Michael Liles Matt Lashoff
Goaltenders
Starting : Semyon Varlamov
Backup : Jhonas Enroth
Extra Forwards
Normal : Vojtech Polak, Derek Dorsett, Kyle Turris - PP : Vojtech Polak, Derek Dorsett - PK : Kyle Turris
Extra Defensemen
Normal : Zach Bogosian, Jonathan Paiement, Mike Funk - PP : Zach Bogosian - PK : Jonathan Paiement, Mike Funk
Penalty Shots
Stéphane Yelle, Niko Dimitrakos, Ville Leino, Max Pacioretty, Kyle Okposo
% Time on Ice - Knights
Lines # - Real PCT - Wanted PCT - Time Play
Normal Forward
1 - 38% - 40% - 17:45
2 - 27% - 30% - 12:40
3 - 22% - 20% - 10:16
4 - 13% - 10% - 5:51
Normal Defense
1 - 42% - 40% - 19:35
2 - 32% - 30% - 15:00
3 - 21% - 20% - 9:36
4 - 5% - 10% - 2:21
PP Forward
1 - 57% - 60% - 4:40
2 - 43% - 40% - 3:30
PP Defense
1 - 62% - 60% - 5:05
2 - 38% - 40% - 3:05
PK Forward
1 - 84% - 60% - 2:32
2 - 16% - 40% - 0:29
PK Defense
1 - 64% - 60% - 1:55
2 - 36% - 40% - 1:06
PK3 Forward
1 - 0% - 60%
2 - 0% - 40%
PK3 Defense
1 - 0% - 60%
2 - 0% - 40%
44 Forward
1 - 70% - 60% - 1:23
2 - 30% - 40% - 0:36
44 Defense
1 - 61% - 60% - 1:12
2 - 39% - 40% - 0:47
Last Minute Offensive - 0:18
Last Minute Defensive - 0:00
Total
Forward - 60:00
Defense - 60:00
|
% Time on Ice - Sewer Rats
Lines # - Real PCT - Wanted PCT - Time Play
Normal Forward
1 - 39% - 40% - 17:59
2 - 27% - 30% - 12:33
3 - 21% - 20% - 9:36
4 - 14% - 10% - 6:21
Normal Defense
1 - 43% - 40% - 19:52
2 - 31% - 30% - 14:12
3 - 18% - 20% - 8:23
4 - 9% - 10% - 4:02
PP Forward
1 - 56% - 60% - 1:41
2 - 44% - 40% - 1:20
PP Defense
1 - 54% - 60% - 1:37
2 - 46% - 40% - 1:24
PK Forward
1 - 71% - 60% - 5:46
2 - 29% - 40% - 2:24
PK Defense
1 - 52% - 60% - 4:13
2 - 48% - 40% - 3:57
PK3 Forward
1 - 0% - 60%
2 - 0% - 40%
PK3 Defense
1 - 0% - 60%
2 - 0% - 40%
44 Forward
1 - 85% - 60% - 1:41
2 - 15% - 40% - 0:18
44 Defense
1 - 67% - 60% - 1:20
2 - 33% - 40% - 0:39
Last Minute Offensive - 0:00
Last Minute Defensive - 0:21
Total
Forward - 60:00
Defense - 60:00
|
Play by Play
1st period
0:01 of 1st period - Nathan Gerbe wins face-off versus Dustin Byfuglien in neutral zone.
0:33 of 1st period - Snap shot by Ville Leino.
0:33 of 1st period - Shot Blocked by Zbynek Michalek.
0:35 of 1st period - Slapshot by Kyle Okposo.
0:35 of 1st period - Shot Misses the Net.
1:17 of 1st period - Snap shot by Garnet Exelby.
1:17 of 1st period - Shot Blocked by Zach Bogosian.
1:19 of 1st period - Slapshot by Garnet Exelby.
1:19 of 1st period - Shot Blocked by Zach Bogosian.
1:39 of 1st period - Snap shot by Max Pacioretty.
1:39 of 1st period - Stopped by Jonas Gustavsson without a rebound.
1:40 of 1st period - Peter Mueller wins face-off versus Lars Eller in Knights zone.
2:35 of 1st period - Snap shot by Peter Mueller.
2:35 of 1st period - Goal by Peter Mueller - Knights : 1 - Sewer Rats : 0.
2:36 of 1st period - Kyle Turris wins face-off versus Nathan Gerbe in neutral zone.
3:02 of 1st period - Andy Delmore is hit by Colton Gillies and loses puck.
5:01 of 1st period - Off-side.
5:02 of 1st period - Stéphane Yelle wins face-off versus Colton Gillies in neutral zone.
5:11 of 1st period - Snap shot by Niko Dimitrakos.
5:11 of 1st period - Shot Misses the Net.
5:36 of 1st period - Snap shot by Max Pacioretty.
5:36 of 1st period - Shot Blocked by Zbynek Michalek.
5:48 of 1st period - Slapshot by Garnet Exelby.
5:48 of 1st period - Deflect By Ville Leino.
5:48 of 1st period - Stopped by Semyon Varlamov with a rebound.
5:50 of 1st period - Slapshot by Zbynek Michalek.
5:50 of 1st period - Shot Misses the Net.
5:52 of 1st period - Wrist shot by A.J. Jenks.
5:52 of 1st period - Stopped by Semyon Varlamov without a rebound.
5:53 of 1st period - Zack Hamill wins face-off versus Kyle Turris in Sewer Rats zone.
7:05 of 1st period - Minor Penalty to Patrick Bordeleau for Elbowing.
7:06 of 1st period - Stéphane Yelle wins face-off versus Nathan Gerbe in Sewer Rats zone.
8:26 of 1st period - Zbynek Michalek is hit by John Erskine and loses puck.
9:05 of 1st period - Penalty to Patrick Bordeleau is over, Patrick Bordeleau is back on ice.
9:19 of 1st period - Wrist shot by Ville Leino.
9:19 of 1st period - Shot Misses the Net.
9:41 of 1st period - Niklas Hjalmarsson is hit by Dustin Byfuglien and loses puck.
9:51 of 1st period - Icing by Niklas Hjalmarsson.
9:52 of 1st period - Brandon Sutter wins face-off versus Zack Hamill in Knights zone.
10:07 of 1st period - Wrist shot by Vojtech Polak.
10:07 of 1st period - Stopped by Jonas Gustavsson with a rebound.
10:13 of 1st period - Andy Delmore is hit by Gustav Nyquist and loses puck.
10:22 of 1st period - Slapshot by John Erskine.
10:22 of 1st period - Stopped by Jonas Gustavsson without a rebound.
10:23 of 1st period - Nathan Gerbe wins face-off versus Kyle Turris in Knights zone.
11:11 of 1st period - Zach Bogosian is hit by Colton Gillies and loses puck.
11:30 of 1st period - Chris Thorburn is hit by Derek Dorsett and loses puck.
12:00 of 1st period - Wrist shot by Mats Zuccarello.
12:00 of 1st period - Stopped by Semyon Varlamov with a rebound.
12:23 of 1st period - Snap shot by Zack Hamill.
12:23 of 1st period - Shot Misses the Net.
12:39 of 1st period - Backhand shot by Niko Dimitrakos.
12:39 of 1st period - Shot Blocked by Niklas Hjalmarsson.
13:59 of 1st period - Matt Lashoff is hit by Kyle Greentree and loses puck.
14:18 of 1st period - Minor Penalty to Max Pacioretty for Hooking.
14:19 of 1st period - Stéphane Yelle wins face-off versus Kyle Greentree in Sewer Rats zone.
14:54 of 1st period - Slapshot by Peter Mueller.
14:54 of 1st period - Shot Misses the Net.
15:23 of 1st period - John-Michael Liles is hit by Chris Thorburn and loses puck.
16:18 of 1st period - Penalty to Max Pacioretty is over, Max Pacioretty is back on ice.
16:46 of 1st period - Snap shot by Max Pacioretty.
16:46 of 1st period - Shot Misses the Net.
16:48 of 1st period - Snap shot by Kyle Turris.
16:48 of 1st period - Goal by Kyle Turris - Knights : 1 - Sewer Rats : 1.
16:49 of 1st period - Nathan Gerbe wins face-off versus Kyle Turris in neutral zone.
17:00 of 1st period - Slapshot by John-Michael Liles.
17:00 of 1st period - Stopped by Jonas Gustavsson without a rebound.
17:01 of 1st period - Nathan Gerbe wins face-off versus Kyle Turris in Knights zone.
17:01 of 1st period - Nathan Gerbe is hit by Dustin Byfuglien.
17:07 of 1st period - Slapshot by Nathan Gerbe.
17:07 of 1st period - Shot Misses the Net.
17:09 of 1st period - Slapshot by Zbynek Michalek.
17:09 of 1st period - Deflect By John Erskine.
17:09 of 1st period - Stopped by Semyon Varlamov without a rebound.
17:10 of 1st period - Nathan Gerbe wins face-off versus Kyle Turris in Sewer Rats zone.
17:13 of 1st period - Wrist shot by Nathan Gerbe.
17:13 of 1st period - Shot Misses the Net.
17:15 of 1st period - Wrist shot by Chris Thorburn.
17:15 of 1st period - Shot Misses the Net.
17:17 of 1st period - Slapshot by Zbynek Michalek.
17:17 of 1st period - Shot Misses the Net.
17:19 of 1st period - Snap shot by Chris Thorburn.
17:19 of 1st period - Deflect By Nathan Gerbe.
17:19 of 1st period - Shot Blocked by Andy Delmore.
17:19 of 1st period - Puck is out of play.
17:20 of 1st period - Nathan Gerbe wins face-off versus Kyle Turris in Sewer Rats zone.
17:28 of 1st period - Minor Penalty to Dustin Byfuglien for Holding.
17:29 of 1st period - Stéphane Yelle wins face-off versus Chris Thorburn in Sewer Rats zone.
18:44 of 1st period - Wrist shot by Mats Zuccarello.
18:44 of 1st period - Deflect By Nick Palmieri.
18:44 of 1st period - Stopped by Semyon Varlamov with a rebound.
18:46 of 1st period - Wrist shot by Mats Zuccarello.
18:46 of 1st period - Shot Misses the Net.
18:48 of 1st period - Slapshot by Garnet Exelby.
18:48 of 1st period - Shot Misses the Net.
18:50 of 1st period - Slapshot by Peter Mueller.
18:50 of 1st period - Shot Misses the Net.
19:00 of 1st period - Niklas Hjalmarsson is hit by Vojtech Polak and loses puck.
19:28 of 1st period - Penalty to Dustin Byfuglien is over, Dustin Byfuglien is back on ice.
19:41 of 1st period - Snap shot by Joe Colborne.
19:41 of 1st period - Deflect By A.J. Jenks.
19:41 of 1st period - Shot Blocked by Jonathan Paiement.
19:41 of 1st period - Puck is out of play.
19:42 of 1st period - Lars Eller wins face-off versus Joe Colborne in Sewer Rats zone.
19:55 of 1st period - Snap shot by Justin Jokinen.
19:55 of 1st period - Shot Misses the Net.
2nd period
0:01 of 2nd period - Nathan Gerbe wins face-off versus Kyle Turris in neutral zone.
0:08 of 2nd period - Wrist shot by Nathan Gerbe.
0:08 of 2nd period - Shot Hit the Post.
0:10 of 2nd period - Slapshot by Garnet Exelby.
0:10 of 2nd period - Deflect By Kyle Greentree.
0:10 of 2nd period - Stopped by Semyon Varlamov without a rebound.
0:11 of 2nd period - Nathan Gerbe wins face-off versus Kyle Turris in Sewer Rats zone.
0:16 of 2nd period - Slapshot by Nathan Gerbe.
0:16 of 2nd period - Stopped by Semyon Varlamov with a rebound.
0:18 of 2nd period - Snap shot by Nathan Gerbe.
0:18 of 2nd period - Deflect By Chris Thorburn.
0:18 of 2nd period - Stopped by Semyon Varlamov with a rebound.
0:59 of 2nd period - Slapshot by Niklas Hjalmarsson.
0:59 of 2nd period - Shot Misses the Net.
1:04 of 2nd period - Off-side.
1:05 of 2nd period - Nathan Gerbe wins face-off versus Kyle Turris in neutral zone.
1:30 of 2nd period - Mats Zuccarello is hit by Lars Eller and loses puck.
1:35 of 2nd period - Wrist shot by Ville Leino.
1:35 of 2nd period - Goal by Ville Leino - Knights : 1 - Sewer Rats : 2.
1:36 of 2nd period - Nathan Gerbe wins face-off versus Kyle Turris in neutral zone.
1:41 of 2nd period - Snap shot by Chris Thorburn.
1:41 of 2nd period - Shot Misses the Net.
1:43 of 2nd period - Slapshot by Garnet Exelby.
1:43 of 2nd period - Shot Misses the Net.
1:45 of 2nd period - Slapshot by Garnet Exelby.
1:45 of 2nd period - Stopped by Semyon Varlamov without a rebound.
1:46 of 2nd period - Kyle Turris wins face-off versus Nathan Gerbe in Sewer Rats zone.
1:46 of 2nd period - Kyle Turris is hit by Garnet Exelby.
2:02 of 2nd period - Wrist shot by Nathan Gerbe.
2:02 of 2nd period - Shot Blocked by John-Michael Liles.
2:04 of 2nd period - Slapshot by Zbynek Michalek.
2:04 of 2nd period - Shot Blocked by Matt Lashoff.
2:08 of 2nd period - Wrist shot by Nathan Gerbe.
2:08 of 2nd period - Shot Misses the Net.
2:10 of 2nd period - Backhand shot by Chris Thorburn.
2:10 of 2nd period - Stopped by Semyon Varlamov with a rebound.
2:12 of 2nd period - Wrist shot by Garnet Exelby.
2:12 of 2nd period - Deflect By Kyle Greentree.
2:12 of 2nd period - Goal by Kyle Greentree - Knights : 2 - Sewer Rats : 2.
2:13 of 2nd period - Nathan Gerbe wins face-off versus Kyle Turris in neutral zone.
3:24 of 2nd period - Snap shot by Niko Dimitrakos.
3:24 of 2nd period - Shot Misses the Net.
3:26 of 2nd period - Backhand shot by Matt Lashoff.
3:26 of 2nd period - Stopped by Jonas Gustavsson without a rebound.
3:27 of 2nd period - Stéphane Yelle wins face-off versus Nathan Gerbe in Knights zone.
3:40 of 2nd period - Wrist shot by Nathan Gerbe.
3:40 of 2nd period - Stopped by Semyon Varlamov with a rebound.
3:42 of 2nd period - Slapshot by Zbynek Michalek.
3:42 of 2nd period - Stopped by Semyon Varlamov with a rebound.
3:54 of 2nd period - Snap shot by Max Pacioretty.
3:54 of 2nd period - Stopped by Jonas Gustavsson with a rebound.
3:56 of 2nd period - Wrist shot by Matt Lashoff.
3:56 of 2nd period - Shot Blocked by Garnet Exelby.
3:58 of 2nd period - Slapshot by John-Michael Liles.
3:58 of 2nd period - Shot Blocked by Zbynek Michalek.
4:00 of 2nd period - Wrist shot by Dustin Byfuglien.
4:00 of 2nd period - Shot Misses the Net.
4:02 of 2nd period - Slapshot by Max Pacioretty.
4:02 of 2nd period - Stopped by Jonas Gustavsson without a rebound.
4:03 of 2nd period - Kyle Greentree wins face-off versus Lars Eller in Knights zone.
4:03 of 2nd period - Kyle Greentree is hit by Andy Delmore.
4:29 of 2nd period - Kyle Turris is hit by Peter Mueller and loses puck.
4:38 of 2nd period - Backhand shot by Mats Zuccarello.
4:38 of 2nd period - Shot Blocked by Kyle Turris.
4:40 of 2nd period - Wrist shot by Nick Palmieri.
4:40 of 2nd period - Shot Misses the Net.
4:57 of 2nd period - Zbynek Michalek is hit by Kyle Turris.
5:00 of 2nd period - Minor Penalty to Justin Jokinen for Holding.
5:01 of 2nd period - Chris Thorburn wins face-off versus Lars Eller in Knights zone.
5:12 of 2nd period - Garnet Exelby is hit by John-Michael Liles and loses puck.
7:00 of 2nd period - Penalty to Justin Jokinen is over, Justin Jokinen is back on ice.
8:19 of 2nd period - Tomas Kundratek is hit by Kyle Turris and loses puck.
8:36 of 2nd period - Vojtech Polak is hit by Marco Scandella and loses puck.
8:58 of 2nd period - Stéphane Yelle is hit by Nikita Nikitin and loses puck.
9:13 of 2nd period - Wrist shot by Gustav Nyquist.
9:13 of 2nd period - Shot Blocked by Zach Bogosian.
10:07 of 2nd period - Snap shot by Zack Hamill.
10:07 of 2nd period - Shot Misses the Net.
10:09 of 2nd period - Wrist shot by Garnet Exelby.
10:09 of 2nd period - Shot Blocked by Niko Dimitrakos.
10:11 of 2nd period - Slapshot by Zbynek Michalek.
10:11 of 2nd period - Shot Misses the Net.
10:25 of 2nd period - Wrist shot by Peter Mueller.
10:25 of 2nd period - Shot Blocked by Stéphane Yelle.
10:27 of 2nd period - Wrist shot by Mats Zuccarello.
10:27 of 2nd period - Shot Misses the Net.
10:29 of 2nd period - Wrist shot by Niklas Hjalmarsson.
10:29 of 2nd period - Stopped by Semyon Varlamov with a rebound.
10:31 of 2nd period - Slapshot by Mats Zuccarello.
10:31 of 2nd period - Goal by Mats Zuccarello - Knights : 3 - Sewer Rats : 2.
10:32 of 2nd period - Kyle Greentree wins face-off versus Kyle Turris in neutral zone.
10:41 of 2nd period - Off-side.
10:42 of 2nd period - Nathan Gerbe wins face-off versus Kyle Turris in neutral zone.
10:58 of 2nd period - Wrist shot by Dustin Byfuglien.
10:58 of 2nd period - Stopped by Jonas Gustavsson without a rebound.
10:59 of 2nd period - Lars Eller wins face-off versus Peter Mueller in Knights zone.
11:06 of 2nd period - Snap shot by Ville Leino.
11:06 of 2nd period - Stopped by Jonas Gustavsson without a rebound.
11:07 of 2nd period - Peter Mueller wins face-off versus Lars Eller in Knights zone.
11:16 of 2nd period - Wrist shot by Lars Eller.
11:16 of 2nd period - Shot Misses the Net.
11:37 of 2nd period - Wrist shot by Mats Zuccarello.
11:37 of 2nd period - Shot Misses the Net.
11:39 of 2nd period - Slapshot by Zbynek Michalek.
11:39 of 2nd period - Stopped by Semyon Varlamov without a rebound.
11:40 of 2nd period - Kyle Turris wins face-off versus Nathan Gerbe in Sewer Rats zone.
12:05 of 2nd period - Chris Thorburn is hit by Stéphane Yelle and loses puck.
12:18 of 2nd period - Snap shot by Niko Dimitrakos.
12:18 of 2nd period - Stopped by Jonas Gustavsson with a rebound.
12:28 of 2nd period - Slapshot by Kyle Greentree.
12:28 of 2nd period - Stopped by Semyon Varlamov with a rebound.
12:44 of 2nd period - Icing by Gustav Nyquist.
12:45 of 2nd period - Lars Eller wins face-off versus Peter Mueller in Knights zone.
12:46 of 2nd period - Snap shot by Ville Leino.
12:46 of 2nd period - Stopped by Jonas Gustavsson with a rebound.
12:58 of 2nd period - Wrist shot by Peter Mueller.
12:58 of 2nd period - Shot Misses the Net.
13:00 of 2nd period - Snap shot by Nick Palmieri.
13:00 of 2nd period - Goal by Nick Palmieri - Knights : 4 - Sewer Rats : 2.
13:00 of 2nd period - Jhonas Enroth enters game.
13:01 of 2nd period - Nathan Gerbe wins face-off versus Kyle Turris in neutral zone.
13:03 of 2nd period - Off-side.
13:04 of 2nd period - Nathan Gerbe wins face-off versus Max Pacioretty in neutral zone.
13:26 of 2nd period - Minor Penalty to Lars Eller for Slashing.
13:26 of 2nd period - Minor Penalty to Peter Mueller for Holding.
13:27 of 2nd period - Stéphane Yelle wins face-off versus Chris Thorburn in neutral zone.
14:33 of 2nd period - Snap shot by Max Pacioretty.
14:33 of 2nd period - Shot Misses the Net.
14:35 of 2nd period - Slapshot by Matt Lashoff.
14:35 of 2nd period - Stopped by Jonas Gustavsson with a rebound.
14:37 of 2nd period - Slapshot by Matt Lashoff.
14:37 of 2nd period - Shot Blocked by Nikita Nikitin.
14:39 of 2nd period - Slapshot by John-Michael Liles.
14:39 of 2nd period - Shot Misses the Net.
14:41 of 2nd period - Slapshot by Matt Lashoff.
14:41 of 2nd period - Shot Misses the Net.
15:07 of 2nd period - John Erskine is hit by Kyle Greentree and loses puck.
15:14 of 2nd period - Kyle Greentree is hit by Max Pacioretty and loses puck.
15:26 of 2nd period - Penalty to Lars Eller is over, Lars Eller is back on ice.
15:26 of 2nd period - Penalty to Peter Mueller is over, Peter Mueller is back on ice.
15:49 of 2nd period - Snap shot by Niko Dimitrakos.
15:49 of 2nd period - Stopped by Jonas Gustavsson without a rebound.
15:50 of 2nd period - Max Pacioretty wins face-off versus Joe Colborne in Knights zone.
15:51 of 2nd period - Snap shot by Dustin Byfuglien.
15:51 of 2nd period - Shot Hit the Post.
16:16 of 2nd period - Icing by Justin Jokinen.
16:17 of 2nd period - Lars Eller wins face-off versus Joe Colborne in Knights zone.
16:18 of 2nd period - Wrist shot by Ville Leino.
16:18 of 2nd period - Goal by Ville Leino - Knights : 4 - Sewer Rats : 3.
16:19 of 2nd period - Nathan Gerbe wins face-off versus Kyle Turris in neutral zone.
16:34 of 2nd period - Wrist shot by Kyle Turris.
16:34 of 2nd period - Deflect By Zbynek Michalek.
16:34 of 2nd period - Shot Misses the Net.
16:34 of 2nd period - Puck is out of play.
16:35 of 2nd period - Peter Mueller wins face-off versus Lars Eller in Knights zone.
16:35 of 2nd period - Peter Mueller is hit by Matt Lashoff.
16:42 of 2nd period - Zbynek Michalek is hit by Matt Lashoff and loses puck.
16:52 of 2nd period - Icing by John-Michael Liles.
16:53 of 2nd period - Lars Eller wins face-off versus Nathan Gerbe in Sewer Rats zone.
17:04 of 2nd period - Snap shot by Ville Leino.
17:04 of 2nd period - Stopped by Jonas Gustavsson with a rebound.
17:06 of 2nd period - Snap shot by Lars Eller.
17:06 of 2nd period - Deflect By Kyle Okposo.
17:06 of 2nd period - Shot Misses the Net.
17:06 of 2nd period - Puck is out of play.
17:07 of 2nd period - Kyle Turris wins face-off versus Peter Mueller in Knights zone.
17:18 of 2nd period - Snap shot by Max Pacioretty.
17:18 of 2nd period - Stopped by Jonas Gustavsson without a rebound.
17:19 of 2nd period - Kyle Turris wins face-off versus Nathan Gerbe in Knights zone.
17:19 of 2nd period - Minor Penalty to Garnet Exelby for Holding.
17:20 of 2nd period - Chris Thorburn wins face-off versus Kyle Turris in Knights zone.
17:29 of 2nd period - Chris Thorburn is hit by Kyle Turris and loses puck.
17:34 of 2nd period - Wrist shot by Max Pacioretty.
17:34 of 2nd period - Goal by Max Pacioretty - Knights : 4 - Sewer Rats : 4.
17:35 of 2nd period - Kyle Turris wins face-off versus Nathan Gerbe in neutral zone.
17:42 of 2nd period - Slapshot by John-Michael Liles.
17:42 of 2nd period - Shot Misses the Net.
18:04 of 2nd period - Nick Palmieri is hit by Ville Leino.
18:08 of 2nd period - Snap shot by Ville Leino.
18:08 of 2nd period - Stopped by Jonas Gustavsson with a rebound.
18:10 of 2nd period - Slapshot by John-Michael Liles.
18:10 of 2nd period - Stopped by Jonas Gustavsson without a rebound.
18:11 of 2nd period - Zack Hamill wins face-off versus Brandon Sutter in Knights zone.
18:18 of 2nd period - Slapshot by Niklas Hjalmarsson.
18:18 of 2nd period - Shot Blocked by Andy Delmore.
18:26 of 2nd period - Wrist shot by Brandon Sutter.
18:26 of 2nd period - Shot Misses the Net.
18:36 of 2nd period - John Erskine is hit by Nathan Gerbe and loses puck.
18:44 of 2nd period - Off-side.
18:45 of 2nd period - Lars Eller wins face-off versus Peter Mueller in neutral zone.
18:50 of 2nd period - Mats Zuccarello is hit by Ville Leino and loses puck.
18:59 of 2nd period - Slapshot by Ville Leino.
18:59 of 2nd period - Shot Misses the Net.
19:01 of 2nd period - Slapshot by Kyle Okposo.
19:01 of 2nd period - Shot Misses the Net.
19:19 of 2nd period - Garnet Exelby is hit by Derek Dorsett and loses puck.
3rd period
0:01 of 3rd period - Kyle Greentree wins face-off versus Kyle Turris in neutral zone.
0:10 of 3rd period - Slapshot by Chris Thorburn.
0:10 of 3rd period - Shot Blocked by Andy Delmore.
0:12 of 3rd period - Snap shot by Chris Thorburn.
0:12 of 3rd period - Shot Misses the Net.
0:29 of 3rd period - Icing by Mats Zuccarello.
0:30 of 3rd period - Lars Eller wins face-off versus Peter Mueller in Knights zone.
0:37 of 3rd period - Slapshot by Kyle Okposo.
0:37 of 3rd period - Shot Misses the Net.
0:39 of 3rd period - Slapshot by Ville Leino.
0:39 of 3rd period - Shot Misses the Net.
0:41 of 3rd period - Slapshot by John-Michael Liles.
0:41 of 3rd period - Shot Blocked by Peter Mueller.
0:43 of 3rd period - Snap shot by Lars Eller.
0:43 of 3rd period - Stopped by Jonas Gustavsson with a rebound.
0:45 of 3rd period - Slapshot by Matt Lashoff.
0:45 of 3rd period - Deflect By Ville Leino.
0:45 of 3rd period - Shot Misses the Net.
0:45 of 3rd period - Puck is out of play.
0:46 of 3rd period - Nathan Gerbe wins face-off versus Kyle Turris in Knights zone.
0:51 of 3rd period - Slapshot by Max Pacioretty.
0:51 of 3rd period - Stopped by Jonas Gustavsson with a rebound.
0:56 of 3rd period - Off-side.
0:57 of 3rd period - Kyle Turris wins face-off versus Chris Thorburn in neutral zone.
1:08 of 3rd period - John-Michael Liles is hit by Kyle Greentree and loses puck.
1:26 of 3rd period - Off-side.
1:27 of 3rd period - Peter Mueller wins face-off versus Brandon Sutter in neutral zone.
1:43 of 3rd period - Off-side.
1:44 of 3rd period - Kyle Turris wins face-off versus Nathan Gerbe in neutral zone.
2:17 of 3rd period - Icing by Lars Eller.
2:18 of 3rd period - Lars Eller wins face-off versus Peter Mueller in Sewer Rats zone.
2:18 of 3rd period - Lars Eller is hit by Nick Palmieri.
2:26 of 3rd period - Slapshot by Mats Zuccarello.
2:26 of 3rd period - Stopped by Jhonas Enroth without a rebound.
2:27 of 3rd period - Kyle Turris wins face-off versus Peter Mueller in Sewer Rats zone.
3:00 of 3rd period - Snap shot by Nathan Gerbe.
3:00 of 3rd period - Shot Misses the Net.
3:02 of 3rd period - Slapshot by Niklas Hjalmarsson.
3:02 of 3rd period - Shot Blocked by Kyle Okposo.
3:04 of 3rd period - Snap shot by Nathan Gerbe.
3:04 of 3rd period - Shot Misses the Net.
3:06 of 3rd period - Slapshot by Niklas Hjalmarsson.
3:06 of 3rd period - Shot Misses the Net.
3:13 of 3rd period - Icing by Kyle Okposo.
3:14 of 3rd period - Zack Hamill wins face-off versus Brandon Sutter in Sewer Rats zone.
3:23 of 3rd period - Snap shot by Zack Hamill.
3:23 of 3rd period - Shot Misses the Net.
3:25 of 3rd period - Slapshot by Zbynek Michalek.
3:25 of 3rd period - Stopped by Jhonas Enroth without a rebound.
3:26 of 3rd period - Kyle Turris wins face-off versus Nathan Gerbe in Sewer Rats zone.
3:33 of 3rd period - Slapshot by Max Pacioretty.
3:33 of 3rd period - Goal by Max Pacioretty - Knights : 4 - Sewer Rats : 5.
3:34 of 3rd period - Nathan Gerbe wins face-off versus Kyle Turris in neutral zone.
3:41 of 3rd period - Slapshot by Kyle Greentree.
3:41 of 3rd period - Stopped by Jhonas Enroth with a rebound.
4:35 of 3rd period - Slapshot by Gustav Nyquist.
4:35 of 3rd period - Stopped by Jhonas Enroth without a rebound.
4:36 of 3rd period - Nathan Gerbe wins face-off versus Kyle Turris in Sewer Rats zone.
5:12 of 3rd period - Wrist shot by Peter Mueller.
5:12 of 3rd period - Shot Misses the Net.
5:58 of 3rd period - Minor Penalty to Dustin Byfuglien for Roughing.
5:59 of 3rd period - Stéphane Yelle wins face-off versus Nathan Gerbe in Sewer Rats zone.
6:24 of 3rd period - Niko Dimitrakos is hit by Chris Thorburn and loses puck.
6:30 of 3rd period - Off-side.
6:31 of 3rd period - Stéphane Yelle wins face-off versus Peter Mueller in neutral zone.
7:36 of 3rd period - Slapshot by John-Michael Liles.
7:36 of 3rd period - Stopped by Jonas Gustavsson with a rebound.
7:58 of 3rd period - Penalty to Dustin Byfuglien is over, Dustin Byfuglien is back on ice.
8:11 of 3rd period - Slapshot by Lars Eller.
8:11 of 3rd period - Stopped by Jonas Gustavsson without a rebound.
8:12 of 3rd period - Kyle Turris wins face-off versus Justin Jokinen in Knights zone.
8:13 of 3rd period - Wrist shot by Dustin Byfuglien.
8:13 of 3rd period - Shot Misses the Net.
8:21 of 3rd period - Snap shot by Justin Jokinen.
8:21 of 3rd period - Shot Blocked by Jonathan Paiement.
8:41 of 3rd period - Wrist shot by Lars Eller.
8:41 of 3rd period - Shot Misses the Net.
8:43 of 3rd period - Backhand shot by Kyle Okposo.
8:43 of 3rd period - Shot Misses the Net.
8:45 of 3rd period - Slapshot by Zach Bogosian.
8:45 of 3rd period - Shot Misses the Net.
8:47 of 3rd period - Wrist shot by Kyle Okposo.
8:47 of 3rd period - Stopped by Jonas Gustavsson with a rebound.
9:21 of 3rd period - Wrist shot by Mats Zuccarello.
9:21 of 3rd period - Shot Blocked by Matt Lashoff.
9:41 of 3rd period - Backhand shot by Garnet Exelby.
9:41 of 3rd period - Shot Blocked by John-Michael Liles.
9:43 of 3rd period - Slapshot by Garnet Exelby.
9:43 of 3rd period - Deflect By Dustin Byfuglien.
9:43 of 3rd period - Stopped by Jhonas Enroth with a rebound.
9:45 of 3rd period - Snap shot by A.J. Jenks.
9:45 of 3rd period - Shot Misses the Net.
10:11 of 3rd period - Lars Eller is hit by Zack Hamill and loses puck.
10:28 of 3rd period - Brandon Sutter is hit by Mats Zuccarello and loses puck.
10:35 of 3rd period - Andy Delmore is hit by Nick Palmieri and loses puck.
10:48 of 3rd period - Wrist shot by Niko Dimitrakos.
10:48 of 3rd period - Shot Misses the Net.
10:50 of 3rd period - Wrist shot by John Erskine.
10:50 of 3rd period - Shot Blocked by Nikita Nikitin.
10:52 of 3rd period - Slapshot by John Erskine.
10:52 of 3rd period - Deflect By Stéphane Yelle.
10:52 of 3rd period - Shot Misses the Net.
10:52 of 3rd period - Puck is out of play.
10:53 of 3rd period - Stéphane Yelle wins face-off versus Nathan Gerbe in Knights zone.
10:53 of 3rd period - Zach Bogosian is hit by Zbynek Michalek and loses puck.
11:02 of 3rd period - Zach Bogosian is hit by Nathan Gerbe and loses puck.
11:15 of 3rd period - Nathan Gerbe is hit by Patrick Bordeleau.
11:25 of 3rd period - Wrist shot by Nathan Gerbe.
11:25 of 3rd period - Shot Misses the Net.
11:31 of 3rd period - Snap shot by John Erskine.
11:31 of 3rd period - Deflect By Stéphane Yelle.
11:31 of 3rd period - Stopped by Jonas Gustavsson with a rebound.
11:43 of 3rd period - Chris Thorburn is hit by Patrick Bordeleau and loses puck.
11:49 of 3rd period - Icing by Kyle Greentree.
11:50 of 3rd period - Kyle Turris wins face-off versus Nathan Gerbe in Knights zone.
12:10 of 3rd period - Minor Penalty to Steven Kampfer for Tripping.
12:11 of 3rd period - Peter Mueller wins face-off versus Stéphane Yelle in Sewer Rats zone.
12:14 of 3rd period - Wrist shot by Peter Mueller.
12:14 of 3rd period - Goal by Peter Mueller - Knights : 5 - Sewer Rats : 5.
12:15 of 3rd period - Dustin Byfuglien wins face-off versus Peter Mueller in neutral zone.
12:36 of 3rd period - Matt Lashoff is hit by Nick Palmieri and loses puck.
13:12 of 3rd period - Wrist shot by Dustin Byfuglien.
13:12 of 3rd period - Shot Misses the Net.
13:14 of 3rd period - Wrist shot by Matt Lashoff.
13:14 of 3rd period - Stopped by Jonas Gustavsson with a rebound.
13:38 of 3rd period - Slapshot by Nikita Nikitin.
13:38 of 3rd period - Stopped by Jhonas Enroth without a rebound.
13:39 of 3rd period - Joe Colborne wins face-off versus Brandon Sutter in Sewer Rats zone.
13:40 of 3rd period - Wrist shot by A.J. Jenks.
13:40 of 3rd period - Stopped by Jhonas Enroth without a rebound.
13:41 of 3rd period - Brandon Sutter wins face-off versus Nathan Gerbe in Sewer Rats zone.
13:46 of 3rd period - Snap shot by Nathan Gerbe.
13:46 of 3rd period - Goal by Nathan Gerbe - Knights : 6 - Sewer Rats : 5.
13:47 of 3rd period - Kyle Turris wins face-off versus Nathan Gerbe in neutral zone.
13:50 of 3rd period - Snap shot by Dustin Byfuglien.
13:50 of 3rd period - Deflect By Zbynek Michalek.
13:50 of 3rd period - Stopped by Jonas Gustavsson with a rebound.
13:52 of 3rd period - Slapshot by John Erskine.
13:52 of 3rd period - Shot Misses the Net.
13:54 of 3rd period - Wrist shot by Max Pacioretty.
13:54 of 3rd period - Shot Misses the Net.
13:56 of 3rd period - Slapshot by John Erskine.
13:56 of 3rd period - Stopped by Jonas Gustavsson without a rebound.
13:57 of 3rd period - Nathan Gerbe wins face-off versus Kyle Turris in Knights zone.
14:01 of 3rd period - Off-side.
14:02 of 3rd period - Nathan Gerbe wins face-off versus Kyle Turris in neutral zone.
14:52 of 3rd period - Wrist shot by Derek Dorsett.
14:52 of 3rd period - Shot Blocked by Niklas Hjalmarsson.
14:54 of 3rd period - Slapshot by Matt Lashoff.
14:54 of 3rd period - Shot Misses the Net.
14:56 of 3rd period - Snap shot by Matt Lashoff.
14:56 of 3rd period - Shot Misses the Net.
14:58 of 3rd period - Snap shot by Vojtech Polak.
14:58 of 3rd period - Shot Blocked by Nikita Nikitin.
15:00 of 3rd period - Snap shot by Vojtech Polak.
15:00 of 3rd period - Shot Blocked by Niklas Hjalmarsson.
15:12 of 3rd period - Minor Penalty to Patrick Bordeleau for Holding.
15:13 of 3rd period - Stéphane Yelle wins face-off versus Nathan Gerbe in Sewer Rats zone.
15:20 of 3rd period - Slapshot by Garnet Exelby.
15:20 of 3rd period - Deflect By Stéphane Yelle.
15:20 of 3rd period - Stopped by Jhonas Enroth without a rebound.
15:21 of 3rd period - Nathan Gerbe wins face-off versus Stéphane Yelle in Sewer Rats zone.
15:22 of 3rd period - Snap shot by Chris Thorburn.
15:22 of 3rd period - Goal by Chris Thorburn - Knights : 7 - Sewer Rats : 5.
15:23 of 3rd period - Brandon Sutter wins face-off versus Colton Gillies in neutral zone.
15:29 of 3rd period - Slapshot by Vojtech Polak.
15:29 of 3rd period - Shot Misses the Net.
15:31 of 3rd period - Wrist shot by Vojtech Polak.
15:31 of 3rd period - Shot Misses the Net.
15:33 of 3rd period - Snap shot by John Erskine.
15:33 of 3rd period - Deflect By Brandon Sutter.
15:33 of 3rd period - Shot Misses the Net.
15:33 of 3rd period - Puck is out of play.
15:34 of 3rd period - Brandon Sutter wins face-off versus Zack Hamill in Knights zone.
16:30 of 3rd period - Snap shot by Lars Eller.
16:30 of 3rd period - Goal by Lars Eller - Knights : 7 - Sewer Rats : 6.
16:31 of 3rd period - Brandon Sutter wins face-off versus Colton Gillies in neutral zone.
16:56 of 3rd period - Nikita Nikitin is hit by Dustin Byfuglien and loses puck.
17:11 of 3rd period - Kyle Turris is hit by Nathan Gerbe and loses puck.
17:26 of 3rd period - Backhand shot by Zbynek Michalek.
17:26 of 3rd period - Deflect By Joe Colborne.
17:26 of 3rd period - Shot Misses the Net.
17:26 of 3rd period - Puck is out of play.
17:27 of 3rd period - Zack Hamill wins face-off versus Lars Eller in Sewer Rats zone.
17:38 of 3rd period - Snap shot by Ville Leino.
17:38 of 3rd period - Stopped by Jonas Gustavsson with a rebound.
17:40 of 3rd period - Backhand shot by Ville Leino.
17:40 of 3rd period - Shot Hit the Post.
17:42 of 3rd period - Snap shot by Kyle Okposo.
17:42 of 3rd period - Goal by Kyle Okposo - Knights : 7 - Sewer Rats : 7.
17:43 of 3rd period - Brandon Sutter wins face-off versus Zack Hamill in neutral zone.
18:14 of 3rd period - Off-side.
18:15 of 3rd period - Nathan Gerbe wins face-off versus Kyle Turris in neutral zone.
18:22 of 3rd period - Nikita Nikitin is hit by Kyle Turris and loses puck.
18:27 of 3rd period - Snap shot by Dustin Byfuglien.
18:27 of 3rd period - Deflect By Max Pacioretty.
18:27 of 3rd period - Stopped by Jonas Gustavsson with a rebound.
18:29 of 3rd period - Wrist shot by Kyle Turris.
18:29 of 3rd period - Stopped by Jonas Gustavsson with a rebound.
18:31 of 3rd period - Snap shot by Max Pacioretty.
18:31 of 3rd period - Goal by Max Pacioretty - Knights : 7 - Sewer Rats : 8.
18:32 of 3rd period - Brandon Sutter wins face-off versus Zack Hamill in neutral zone.
18:58 of 3rd period - John Erskine is hit by Chris Thorburn.
19:02 of 3rd period - Knights, Jonas Gustavsson is pulled from the net.
19:08 of 3rd period - Zbynek Michalek is hit by Niko Dimitrakos and loses puck.
19:12 of 3rd period - Minor Penalty to Garnet Exelby for Hooking.
19:13 of 3rd period - Jonas Gustavsson from Knights was sent back in the game.
19:13 of 3rd period - Chris Thorburn wins face-off versus Kyle Okposo in Knights zone.
Output by the SimonT Hockey Simulator (STHS) for François Prévost -- Original Page W3C XHTML 1.0 Valid